 Seeded DCSS version 0.31-a0-271-gb88eb75e06 (webtiles) character file.

Game seed: 20230601 (custom seed)

227149 muata the Executioner (level 19, -11/195 HPs)
             Began as a Minotaur Berserker on June 1, 2023.
             Was a High Priest of Trog.
             Mangled by a radroach (20 damage)
             ... on level 4 of the Spider Nest on July 14, 2023.
             The game lasted 02:48:36 (30387 turns).

muata the Executioner (Minotaur Berserker)         Turns: 30387, Time: 02:48:37

Health: -11/195    AC: 40    Str: 35    XL:     19   Next: 4%
Magic:  1/28       EV: 14    Int:  4    God:    Trog [*****.]
Gold:   1207       SH:  9    Dex: 13    Spells: 18/18 levels left

rFire   . . .        a - +16 obsidian axe {drain, demonic, Mesm Drain Fly SInv, Deaths Door}
rCold   . . .        F - +1 buckler of Refuge {Harm}
rNeg    + . .        G - +4 plate armour "Biesodi" {+Inv Int-5 Dex+4}
rPois   +            M - +3 hat of Pondering {ponderous, Will+ MP+10 Int+5}
rElec   .            i - +1 cloak of Starlight {*Dazzle EV+4 Stlth--}
rCorr   .            e - +2 pair of gloves {Stlth+}
SInv    +            k - +2 pair of boots
Will    ++++.        h - amulet "Vunusety" {Harm rN+ Regen+} Stlth
                     g - +6 ring of strength
HPRegen 2.32/turn    R - ring of poison resistance
MPRegen 0.21/turn

%: harm (+45% outgoing, +30% incoming)
@: about to teleport, strong-willed, on berserk cooldown, flying, mesmerised,
regenerating, slowed, very slow
A: horns 2, retaliatory headbutt, iridescent scales 2, see invisible, clumsy 1,
no potion heal 1
a: Renounce Religion, Evoke Invisibility, Berserk, Trog's Hand, Brothers in Arms


You were on level 4 of the Spider Nest.
You worshipped Trog.
Trog was extremely pleased with you.
You visited 5 branches of the dungeon, and saw 29 of its levels.

You collected 4367 gold pieces.
You spent 3160 gold pieces at shops.

Inventory:

Hand Weapons
 a - the +16 obsidian axe (weapon) {drain, demonic, Mesm Drain Fly SInv, Deaths Door}
   (You found it on level 7 of the Dungeon)

   Mesm:      Its wielder is mesmerised by any visible foes, and it cannot be
   unequipped while any foes are visible.
   SInv:      It lets you see invisible.
   Fly:       It grants you flight.
   Drain:     It drains your maximum health when unequipped.
Missiles
 l - 2 throwing nets
Armour
 e - a +2 pair of gloves of stealth (worn)
 i - the +1 cloak of Starlight (worn) {*Dazzle EV+4 Stlth--}
   (You found it on level 3 of the Elven Halls)

   *Dazzle:   It may blind those who miss an attack against the wearer in melee
   combat.
   EV:        It affects your evasion (+4).
   Stlth:     It makes you much less stealthy.
 k - a +2 pair of boots (worn)
 F - the +1 buckler of Refuge (worn) {Harm}
   (You found it on level 6 of the Dungeon)

   Harm:      It increases damage dealt and taken.
 G - the +4 plate armour "Biesodi" (worn) {+Inv Int-5 Dex+4}
   (You bought it in a shop on level 1 of the Elven Halls)

   Int:       It affects your intelligence (-5).
   Dex:       It affects your dexterity (+4).
   +Inv:      It lets you turn invisible.
 M - the +3 hat of Pondering (worn) {ponderous, Will+ MP+10 Int+5}
   (You took it off Gastronok on level 9 of the Dungeon)

   Int:       It affects your intelligence (+5).
   MP:        It affects your magic capacity (+10).
   Will:      It increases your willpower.
Jewellery
 g - a +6 ring of strength (left hand)
 h - the amulet "Vunusety" (around neck) {Harm rN+ Regen+}
   (You took it off a deep elf blademaster on level 3 of the Elven Halls)

   [amulet of regeneration]

   rN:        It protects you from negative energy.
   Regen:     It increases your rate of health regeneration.
   Harm:      It increases damage dealt and taken.
 o - the ring "Pugures" {Drain +Blink rF+ rCorr MP-9}
   (You found it on level 1 of the Spider Nest)

   [ring of protection from fire]

   rF:        It protects you from fire.
   MP:        It affects your magic capacity (-9).
   +Blink:    It lets you blink.
   rCorr:     It protects you from acid and corrosion.
   Drain:     It drains your maximum health when unequipped.
 A - a +6 ring of dexterity
 E - a ring of magical power
 J - a +5 ring of evasion
 O - an amulet of regeneration
 P - the ring of Naskiuwk {rN++ Dex+6 Stlth+}
   (You bought it in a shop on level 1 of the Orcish Mines)

   [ring of dexterity]

   Dex:       It affects your dexterity (+6).
   rN:        It greatly protects you from negative energy.
   Stlth:     It makes you more stealthy.
 R - a ring of poison resistance (right hand)
 V - the ring of Giritwahick {rF+ SInv}
   (You took it off a deep elf elementalist on level 3 of the Elven Halls)

   [ring of protection from fire]

   rF:        It protects you from fire.
   SInv:      It lets you see invisible.
Wands
 r - a wand of quicksilver (20)
 x - a wand of iceblast (39)
 H - a wand of charming (53)
 K - a wand of mindburst (48)
 L - a wand of flame (53)
 N - a wand of digging (5)
 Q - a wand of polymorph (29)
Scrolls
 b - a scroll of butterflies
 m - 2 scrolls of enchant weapon
 n - 2 scrolls of blinking
 p - 2 scrolls of fog
 q - 4 scrolls of enchant armour
 u - 8 scrolls of teleportation
 w - 3 scrolls of revelation
 y - 4 scrolls of poison
 C - 6 scrolls of immolation
 D - a scroll of silence
 W - 2 scrolls of fear {unknown}
 Z - 3 scrolls of brand weapon
Potions
 c - 8 potions of heal wounds
 d - a potion of attraction {unknown}
 f - 3 potions of ambrosia
 j - a potion of might
 s - 11 potions of curing
 t - 2 potions of berserk rage
 v - a potion of cancellation {unknown}
 z - 3 potions of haste
 B - 2 potions of invisibility {unknown}
 I - 2 potions of enlightenment
 T - 2 potions of resistance


   Skills:
 - Level 23.0 Fighting
 + Level 24.3 Axes
 - Level 5.0 Throwing
 - Level 19.0 Armour
 - Level 2.1 Dodging
 - Level 15.3 Shields


You had 18 spell levels left.
You didn't know any spells.
Your spell library contained the following spells:

 Spells                   Type           Power      Damage    Failure   Level
 Ozocubu's Armour         Ice            0%         N/A       100%        3
 Ozocubu's Refrigeration  Ice            0%         4d7       100%        7


Dungeon Overview and Level Annotations

Branches:
Dungeon (15/15)            Temple (0/1) D:4            Lair (5/5) D:11
  Swamp (0/4) Lair:3       Spider (4/4) Lair:2        Slime (0/5) Lair:5
    Orc (2/2) D:10            Elf (3/3) Orc:2        Vaults (0/5) D:14
 Depths (0/4) D:15

Altars:
Ashenzari
Elyvilon
Kikubaaqudgha
Makhleb
Qazlal
Ru
Sif Muna
Uskayaw
The Shining One
Jiyva

Shops:
D:4 (   D:5 *   D:6 *   D:9 (*   D:10 (   D:14 !   Orc:1 *[(:=   Orc:2 (*!(
Elf:1 **(?![**   Elf:2 =:=


Innate Abilities, Weirdness & Mutations

You have a pair of horns on your head.
You reflexively headbutt those who attack you in melee.
You are mostly covered in iridescent scales. (AC +4)
You have supernaturally acute eyesight. (SInv)
You are clumsy. (Dex -2)
Potions are less effective at restoring your health.


Message History

Your surroundings suddenly seem different.
You are no longer entranced.
The boulder beetle curls into a ball and begins rolling!
As you read the scroll of fog, it dissolves into smoke.
Visions of slaying the radroach flood into your mind.
The moth of wrath goads the radroach on!
The radroach goes berserk!
The moth of wrath goads the demonic crawler on!
The demonic crawler goes berserk!
The torpor snail briefly extends its eye-stalks.
The moth of wrath goads the torpor snail on!
The torpor snail goes berserk!
Unknown command.
Unknown command.
You cannot move away from the radroach!
As you read the scroll of teleportation, it crumbles to dust.
You feel strangely unstable.
You feel yourself speed up.
The demonic crawler hits you but does no damage.
The demonic crawler closely misses you. The demonic crawler hits you!
* * * LOW HITPOINT WARNING * * *
The demonic crawler closely misses you. You furiously retaliate!
You headbutt the demonic crawler. You block the demonic crawler's attack.
The demonic crawler hits you!
* * * LOW HITPOINT WARNING * * *
The radroach closely misses you. You furiously retaliate!
You headbutt the radroach!!
The radroach claws you but does no damage.
Being near the torpor snail leaves you feeling lethargic.
The boulder beetle hits you.
* * * LOW HITPOINT WARNING * * *
The boulder beetle stops rolling and uncurls.
The demonic crawler misses you. You furiously retaliate!
You headbutt the demonic crawler.
The demonic crawler's sight is seared by the starlight!
The demonic crawler hits you!
* * * LOW HITPOINT WARNING * * *
The demonic crawler hits you but does no damage.
The radroach bites you!
You die...

##...# ##.....## . #^......##
.. .........###^..
.........^.....
...........#...§§§.....^
..............BB§§§.....
<...#^........ws@§#
............y○§B§§..#
.......°°..○w.§§§§......
.....§B)................
.....ssyw.y....#.)......
.#...4)ZB#.........^.......
....†..yZ...............#....
....4.).....#.................
.....†....†.....†..^...........


You could see 2 radroaches, a boulder beetle, a torpor snail (berserk) and a
demonic crawler (berserk, blind).

Vanquished Creatures
  Nikola (Spider:4)
  2 deep elf blademasters
  A deep elf master archer (Elf:3)
  Kirke (D:12)
  Gastronok (D:9)
  2 deep elf elementalists (Elf:3)
  4 ghost moths
  5 deep elf sorcerers (Elf:3)
  4 broodmothers
  Nessos (D:14)
  3 deep elf annihilators (Elf:3)
  A spark wasp (Spider:1)
  A dire elephant (D:15)
  6 deep elf demonologists
  Snorg (D:12)
  3 deep elf death magi (Elf:3)
  Josephine (Orc:1)
  A fire dragon (Lair:5)
  4 entropy weavers
  A deep elf high priest (Elf:3)
  A great orb of eyes (D:14)
  2 hydras
  Harold (D:9)
  2 centaur warriors
  4 jorogumos
  Erica (D:9)
  22 dancing weapons
  6 boulder beetles
  3 two-headed ogres
  2 tengu warriors (D:15)
  8 death yaks
  10 demonic crawlers
  Sonja (Lair:3)
  18 deep elf knights
  2 skysharks (Lair:5)
  7 pharaoh ants
  A sun moth (Spider:4)
  Lodul (D:14)
  8 orb spiders
  12 deep elf archers
  2 lindwurms (Lair:5)
  2 orc knights
  Pikel (D:7)
  An obsidian statue (Spider:1)
  6 steelbarb worms
  20 deep elf zephyrmancers
  4 oklob plants (Lair:5)
  9 ugly things (D:14)
  An orc sorcerer (Orc:1)
  21 deep elf pyromancers
  25 wolf spiders
  6 cyclopes
  2 moths of wrath
  A salamander (D:15)
  3 manticores
  5 elephants
  2 gargoyles
  A guardian serpent (shapeshifter) (Spider:3)
  9 black mambas
  Joseph (D:7)
  8 torpor snails
  A rime drake (Lair:1)
  11 cane toads
  2 kobold demonologists (D:12)
  Maggie (D:7)
  An unseen horror (D:13)
  8 komodo dragons
  3 meliai
  4 trolls
  3 tyrant leeches (Lair:5)
  9 polar bears (Lair:5)
  33 tarantellas
  13 hornets
  A wolf spider simulacrum (D:15)
  A dream sheep (shapeshifter) (D:13)
  4 blink frogs
  2 raiju (Lair:5)
  24 jumping spiders
  6 air elementals
  13 slime creatures
  20 culicivoras
  Sigmund (D:6)
  6 water elementals
  A spriggan (Lair:4)
  3 shadows (D:11)
  4 wraiths
  29 yaks
  3 hogs (D:12)
  3 wyverns
  4 basilisks
  3 fire elementals
  Grum (D:5)
  12 humans (D:14)
  66 redbacks
  10 vampire mosquitoes
  2 acid dragons
  6 wargs
  11 water moccasins
  2 ice beasts (D:5)
  10 hell hounds (Lair:5)
  18 orc warriors
  10 black bears
  10 ogres
  27 wolves
  15 centaurs
  2 lemures (D:7)
  A kobold brigand (D:8)
  An earth elemental (Elf:1)
  A gnoll sergeant (D:13)
  2 scorpions
  11 bullfrogs
  4 wights (D:8)
  2 killer bees (D:9)
  4 electric eels
  9 howler monkeys
  2 vampire bats (D:4)
  3 quasits (D:4)
  14 hounds
  4 jellies
  10 orc priests
  2 gnoll boudas (D:5)
  7 iguanas
  25 orc wizards
  2 sleepcaps (D:6)
  4 adders
  8 gnolls
  A shadow imp (D:7)
  4 white imps
  3 ufetubi (D:4)
  2 worms (D:2)
  3 dart slugs
  62 orcs
  2 ball pythons (D:2)
  2 bat skeletons (D:4)
  3 bat zombies (D:4)
  6 endoplasms
  2 giant cockroaches
  6 goblins
  9 hobgoblins
  2 jackals (D:2)
  9 kobolds
  5 quokkas
  2 bats
  5 frilled lizards
  6 rats
  A butterfly (Lair:3)
956 creatures vanquished.

Vanquished Creatures (collateral kills)
  A deep elf blademaster (Elf:3)
  A deep elf master archer (Elf:3)
  Aizul (Elf:1)
  3 deep elf sorcerers (Elf:3)
  An emperor scorpion (Spider:1)
  A deep elf elementalist (Elf:3)
  A broodmother (Spider:3)
  A deep elf annihilator (Elf:3)
  A spark wasp (Spider:4)
  2 deep elf death magi (Elf:3)
  2 entropy weavers (Spider:1)
  2 deep elf high priests (Elf:3)
  A hydra (Lair:5)
  A centaur warrior (D:13)
  A boulder beetle (D:13)
  2 death yaks
  3 demonic crawlers
  6 dancing weapons
  4 orc high priests (Orc:2)
  4 deep elf knights
  2 skysharks (Lair:5)
  3 deep elf archers
  6 orb spiders
  8 deep elf pyromancers
  9 deep elf zephyrmancers
  An orc sorcerer (Orc:2)
  3 wolf spiders
  2 elephants
  A cyclops (D:12)
  A black mamba (Lair:5)
  A slime creature (D:12)
  3 cane toads
  2 torpor snails
  A komodo dragon (Lair:4)
  A polar bear (Lair:3)
  2 meliai
  3 blink frogs (Lair:5)
  2 tarantellas
  7 dream sheep (Lair:3)
  4 jumping spiders
  A water elemental (Elf:1)
  2 air elementals
  4 culicivoras
  2 fire elementals
  A wraith (Orc:1)
  A wyvern (D:9)
  4 humans (D:14)
  17 yaks
  17 redbacks
  A warg (Lair:5)
  A water moccasin (Lair:5)
  3 hell hounds (Lair:5)
  6 orc warriors
  2 black bears (Lair:5)
  2 wolves
  A centaur (D:12)
  3 bullfrogs
  An earth elemental (Elf:1)
  A killer bee (D:9)
  16 orc priests
  8 orc wizards
  11 orcs
206 creatures vanquished.

Vanquished Creatures (others)
  A deep elf knight (Elf:2)
  An air elemental (Elf:1)
2 creatures vanquished.

Grand Total: 1164 creatures vanquished

Notes
Turn   | Place    | Note
-------+----------+-------------------------------------------
     0 | D:1      | muata the Minotaur Berserker began the quest for the Orb.
     0 | D:1      | Reached XP level 1. HP: 19/19 MP: 0/0
   201 | D:1      | Reached XP level 2. HP: 25/28 MP: 1/1
   730 | D:1      | Found a faded altar of an unknown god.
   980 | D:2      | Reached skill level 5 in Fighting
   990 | D:2      | Reached XP level 3. HP: 34/36 MP: 2/2
  1372 | D:2      | Reached ** piety under Trog
  1930 | D:3      | Reached XP level 4. HP: 45/45 MP: 3/3
  1952 | D:3      | Reached XP level 5. HP: 11/52 MP: 2/4
  2406 | D:4      | Reached skill level 4 in Axes
  2532 | D:4      | Found Puhylotu's Weapon Shop.
  2567 | D:4      | Found a staircase to the Ecumenical Temple.
  2580 | D:4      | Reached skill level 5 in Axes
  2600 | D:4      | Reached XP level 6. HP: 58/60 MP: 5/5
  2868 | D:4      | Reached skill level 6 in Axes
  2882 | D:4      | Found an ancient bone altar of Kikubaaqudgha.
  3103 | D:5      | Entered Level 5 of the Dungeon
  3112 | D:5      | Noticed an ice beast
  3148 | D:5      | Reached skill level 7 in Axes
  3217 | D:5      | Killed an ice beast
  3218 | D:5      | Reached XP level 7. HP: 63/66 MP: 3/6
  3276 | D:5      | Reached skill level 8 in Axes
  3368 | D:5      | Found a glowing golden altar of the Shining One.
  3527 | D:5      | Reached skill level 9 in Axes
  3618 | D:5      | Reached *** piety under Trog
  3647 | D:5      | Reached skill level 10 in Axes
  3647 | D:5      | Reached XP level 8. HP: 73/73 MP: 7/7
  3802 | D:5      | Found Rias's General Store.
  3918 | D:5      | Noticed Grum
  3924 | D:5      | Killed Grum
  3925 | D:5      | Reached skill level 11 in Axes
  4265 | D:6      | Noticed Sigmund
  4272 | D:6      | Killed Sigmund
  4273 | D:6      | Reached skill level 1 in Throwing
  4281 | D:6      | Upgraded the game from 0.31-a0-128-g25add195a6 to
                  | 0.31-a0-145-g046c7d2549
  4338 | D:6      | Reached skill level 5 in Armour
  4371 | D:6      | Identified the +1 buckler of Refuge {Harm}
  4390 | D:6      | Found Hana's General Store.
  4722 | D:7      | Found a shimmering blue altar of Sif Muna.
  4725 | D:7      | Noticed Pikel
  4771 | D:7      | Killed Pikel
  4772 | D:7      | Reached XP level 9. HP: 74/79 MP: 6/8
  5260 | D:7      | Upgraded the game from 0.31-a0-145-g046c7d2549 to
                  | 0.31-a0-204-g7da18cac08
  5271 | D:7      | Noticed Joseph
  5285 | D:7      | Killed Joseph
  5362 | D:7      | Reached skill level 5 in Throwing
  5403 | D:7      | Found the +16 obsidian axe {drain, demonic, Mesm Drain Fly
                  | SInv}
  5672 | D:7      | Noticed Maggie
  5678 | D:7      | Killed Maggie
  5679 | D:7      | Reached skill level 10 in Armour
  6103 | D:8      | Reached **** piety under Trog
  6140 | D:8      | Noticed a gargoyle
  6150 | D:8      | Killed a gargoyle
  6151 | D:8      | Reached XP level 10. HP: 73/86 MP: 6/9
  6265 | D:8      | Found a hide-covered altar of Uskayaw.
  6265 | D:8      | Found a sacrificial altar of Ru.
  6265 | D:8      | Found a stormy altar of Qazlal.
  6432 | D:8      | Reached skill level 12 in Axes
  6830 | D:9      | Noticed Gastronok
  6840 | D:9      | Killed Gastronok
  6841 | D:9      | Reached skill level 13 in Axes
  6949 | D:9      | Noticed Harold
  6955 | D:9      | Killed Harold
  6956 | D:9      | Reached skill level 14 in Axes
  7025 | D:9      | Found Hitaxaf's Weapon Shoppe.
  7085 | D:9      | Found a broken altar of Ashenzari.
  7296 | D:9      | Noticed Erica
  7301 | D:9      | Killed Erica
  7308 | D:9      | Reached skill level 15 in Axes
  7414 | D:9      | Reached XP level 11. HP: 92/92 MP: 10/10
  7640 | D:9      | Found Gomene's Assorted Antiques.
  7750 | D:10     | Entered Level 10 of the Dungeon
  7756 | D:10     | Found Sebbett's Weapon Shoppe.
  7825 | D:10     | Reached skill level 16 in Axes
  7878 | D:10     | Reached ***** piety under Trog
  7916 | D:10     | Found a white marble altar of Elyvilon.
  8138 | D:10     | Found a staircase to the Orcish Mines.
  8607 | D:11     | Noticed a two-headed ogre
  8612 | D:11     | Killed a two-headed ogre
  8722 | D:11     | Reached skill level 17 in Axes
  8791 | D:11     | Found a staircase to the Lair.
  9601 | D:12     | Reached skill level 18 in Axes
  9610 | D:12     | Noticed a boulder beetle
  9619 | D:12     | Killed a boulder beetle
  9730 | D:12     | Noticed a deep elf pyromancer
  9738 | D:12     | Reached XP level 12. HP: 89/100 MP: 11/11
  9891 | D:12     | Noticed Snorg
  9898 | D:12     | Killed Snorg
  9899 | D:12     | Reached skill level 19 in Axes
  9939 | D:12     | Noticed Kirke
  9947 | D:12     | Killed Kirke
  9976 | D:12     | Noticed a centaur warrior
  9986 | D:12     | Killed a centaur warrior
  9987 | D:12     | Reached skill level 20 in Axes
 10572 | D:13     | Noticed a centaur warrior
 10578 | D:13     | Noticed a centaur warrior
 10579 | D:13     | Killed a centaur warrior
 10587 | D:13     | Killed a centaur warrior
 10591 | D:13     | Reached skill level 21 in Axes
 11021 | Orc:1    | Entered Level 1 of the Orcish Mines
 11138 | Orc:1    | Found Nuyk's Antique Armour Shoppe.
 11260 | Orc:2    | Entered Level 2 of the Orcish Mines
 11283 | Orc:2    | Noticed an orc high priest
 11286 | Orc:2    | Killed an orc high priest
 11286 | Orc:2    | Noticed an orc high priest
 11288 | Orc:2    | Found Atappomp's Distillery.
 11288 | Orc:2    | Found Lykuiq's Antique Weapon Shoppe.
 11288 | Orc:2    | Noticed an orc high priest
 11292 | Orc:2    | Killed an orc high priest
 11295 | Orc:2    | Noticed an orc high priest
 11311 | Orc:2    | Killed an orc high priest
 11311 | Orc:2    | Received a gift from Trog
 11323 | Orc:2    | Killed an orc high priest
 11324 | Orc:2    | Reached XP level 13. HP: 97/108 MP: 12/12
 11513 | Orc:2    | Found Dissummi's Assorted Antiques.
 11517 | Orc:2    | Found Tytig's Weapon Emporium.
 11526 | Orc:2    | Bought 2 potions of heal wounds for 130 gold pieces
 11526 | Orc:2    | Bought a potion of heal wounds for 65 gold pieces
 11526 | Orc:2    | Bought a potion of curing for 39 gold pieces
 11526 | Orc:2    | Bought a potion of curing for 39 gold pieces
 11526 | Orc:2    | Bought a potion of curing for 39 gold pieces
 11619 | Orc:2    | Found a burning altar of Makhleb.
 11762 | Orc:2    | Found a staircase to the Elven Halls.
 12302 | Elf:1    | Entered Level 1 of the Elven Halls
 12316 | Elf:1    | Reached skill level 10 in Fighting
 12537 | Orc:1    | Noticed Josephine
 12537 | Orc:1    | Found Kusoduah's General Store.
 12546 | Orc:1    | Killed Josephine
 12572 | Orc:1    | Found Nitonaem's Weapon Boutique.
 12712 | Orc:1    | Found Fuinn's Book Boutique.
 12805 | Orc:1    | Found Tittigin's Jewellery Shoppe.
 12833 | Orc:1    | Bought the ring of Naskiuwk {rN++ Dex+6 Stlth+} for 900
                  | gold pieces
 13936 | D:14     | Noticed Nessos
 13936 | D:14     | Noticed Lodul
 13936 | D:14     | Found a gate to the Vaults.
 13942 | D:14     | Killed Lodul
 13946 | D:14     | Killed Nessos
 14578 | D:14     | Reached XP level 14. HP: 127/130 MP: 13/13
 14620 | D:14     | Found Keqer's Distillery.
 14628 | D:14     | Bought a potion of curing for 57 gold pieces
 14628 | D:14     | Bought a potion of mutation for 152 gold pieces
 14628 | D:14     | Bought a potion of heal wounds for 95 gold pieces
 14764 | D:15     | Entered Level 15 of the Dungeon
 15279 | D:15     | Found a staircase to the Depths.
 15284 | D:15     | Reached skill level 15 in Fighting
 15287 | D:15     | Received a gift from Trog
 16244 | Lair:1   | Entered Level 1 of the Lair of Beasts
 17018 | Lair:1   | Upgraded the game from 0.31-a0-204-g7da18cac08 to
                  | 0.31-a0-219-g8d62b2e7bb
 17229 | Lair:2   | You are sucked into a shaft and drop 2 floors!
 17703 | Lair:2   | Found a hole to the Spider Nest.
 17886 | Lair:3   | Found a staircase to the Swamp.
 18019 | Lair:3   | Noticed Sonja
 18024 | Lair:3   | Killed Sonja
 18063 | Lair:3   | Received a gift from Trog
 18777 | Lair:4   | Reached skill level 1 in Shields
 18843 | Lair:4   | Reached XP level 15. HP: 125/150 MP: 14/14
 18943 | Lair:4   | Reached skill level 5 in Shields
 19370 | Lair:5   | Entered Level 5 of the Lair of Beasts
 19645 | Lair:5   | Upgraded the game from 0.31-a0-219-g8d62b2e7bb to
                  | 0.31-a0-233-g139696dc86
 19682 | Lair:5   | Reached skill level 10 in Shields
 19851 | Lair:5   | Upgraded the game from 0.31-a0-233-g139696dc86 to
                  | 0.31-a0-271-gb88eb75e06
 20032 | Lair:5   | Received a gift from Trog
 20137 | Lair:5   | Found a runed translucent door.
 20748 | Lair:5   | Found a viscous altar of Jiyva.
 20749 | Lair:5   | Found a staircase to the Slime Pits.
 21081 | Lair:5   | Gained mutation: Your magical capacity is low. (-10% MP)
                  | [potion of mutation]
 21081 | Lair:5   | Gained mutation: You have a pair of large horns on your
                  | head. [potion of mutation]
 21081 | Lair:5   | Gained mutation: Your flesh is cold resistant. (rC+)
                  | [potion of mutation]
 21083 | Lair:5   | Lost mutation: Your magical capacity is low. (-10% MP)
                  | [potion of mutation]
 21083 | Lair:5   | Lost mutation: You have a pair of large horns on your head.
                  | [potion of mutation]
 21083 | Lair:5   | Gained mutation: You are partially covered in iridescent
                  | scales. (AC +2) [potion of mutation]
 21083 | Lair:5   | Gained mutation: You occasionally lose the ability to drink
                  | potions when taking damage. [potion of mutation]
 21083 | Lair:5   | Gained mutation: You are occasionally teleported next to
                  | monsters. [potion of mutation]
 21083 | Lair:5   | Gained mutation: You have hidden genetic potential. [potion
                  | of mutation]
 21084 | Lair:5   | Lost mutation: You are occasionally teleported next to
                  | monsters. [potion of mutation]
 21084 | Lair:5   | Lost mutation: Your flesh is cold resistant. (rC+) [potion
                  | of mutation]
 21084 | Lair:5   | Gained mutation: Your system is resistant to poisons.
                  | (rPois) [potion of mutation]
 21084 | Lair:5   | Gained mutation: Potions are less effective at restoring
                  | your health. [potion of mutation]
 21084 | Lair:5   | Gained mutation: You are mostly covered in iridescent
                  | scales. (AC +4) [potion of mutation]
 21085 | Lair:5   | Lost mutation: Your system is resistant to poisons. (rPois)
                  | [potion of mutation]
 21085 | Lair:5   | Lost mutation: You occasionally lose the ability to drink
                  | potions when taking damage. [potion of mutation]
 21085 | Lair:5   | Gained mutation: You are clumsy. (Dex -2) [potion of
                  | mutation]
 21085 | Lair:5   | Lost mutation: You have hidden genetic potential. [potion
                  | of mutation]
 21085 | Lair:5   | Gained mutation: You have supernaturally acute eyesight.
                  | (SInv) [potion of mutation]
 22606 | Elf:1    | Found Udwunixar's Assorted Antiques.
 22610 | Elf:1    | Bought a scroll labelled GILOR BYOMU for 24 gold pieces
 22612 | Elf:1    | Bought a polished hand axe for 192 gold pieces
 22612 | Elf:1    | Identified the +1 hand axe "Reppir" {heavy, Str+3} (You
                  | bought it in a shop on level 1 of the Elven Halls)
 22612 | Elf:1    | Bought a smoky brown potion for 21 gold pieces
 22733 | Elf:1    | Found Zopuudd's Assorted Antiques.
 22742 | Elf:1    | Bought an embroidered cloak for 247 gold pieces
 22742 | Elf:1    | Bought a scroll of identify for 66 gold pieces
 22742 | Elf:1    | Bought a twisted zirconium amulet for 165 gold pieces
 22760 | Elf:1    | Reached XP level 16. HP: 159/159 MP: 15/15
 22764 | Elf:1    | Found Hajousch's Antique Weapon Boutique.
 22851 | Elf:1    | Paralysed by an air elemental for 1 turns
 22854 | Elf:1    | Noticed Aizul
 22862 | Elf:1    | Killed Aizul
 22875 | Elf:1    | Reached skill level 15 in Shields
 23191 | Elf:1    | Found Keabad's General Store.
 23199 | Elf:1    | Bought the +4 plate armour "Biesodi" {+Inv Int-5 Dex+4} for
                  | 713 gold pieces
 23396 | Elf:1    | Found Kaaruk's Magic Scroll Emporium.
 23398 | Elf:1    | Found Uficietwa's Distillery.
 23401 | Elf:1    | Found Ymodabbo's Antique Armour Emporium.
 23408 | Elf:1    | Bought a runed scarf for 216 gold pieces
 23615 | Elf:1    | Found Xacabont's General Store.
 23663 | Elf:1    | Reached skill level 15 in Armour
 24109 | Elf:2    | Paralysed by an air elemental for 1 turns
 24144 | Elf:2    | Paralysed by an air elemental for 1 turns
 24298 | Elf:2    | Found Asisk's Jewellery Shoppe.
 24298 | Elf:2    | Found Zuivif's Book Shop.
 24299 | Elf:2    | Found Dapsuit's Jewellery Shoppe.
 24531 | Elf:2    | Found a runed translucent gate.
 24532 | Elf:2    | Found a runed translucent gate.
 24532 | Elf:2    | Found a runed translucent gate.
 24799 | Elf:2    | Received a gift from Trog
 24808 | Elf:2    | Noticed a deep elf blademaster
 24815 | Elf:2    | Killed a deep elf blademaster
 25585 | Elf:3    | Entered Level 3 of the Elven Halls
 25587 | Elf:3    | Paralysed by an air elemental for 1 turns
 25659 | Elf:3    | Reached XP level 17. HP: 158/166 MP: 16/16
 25696 | Elf:3    | Paralysed by an air elemental for 1 turns
 26086 | Elf:3    | Paralysed by an air elemental for 1 turns
 26180 | Elf:3    | Received a gift from Trog
 26252 | Elf:3    | Paralysed by an air elemental for 1 turns
 26255 | Elf:3    | Paralysed by an air elemental for 1 turns
 26543 | Elf:3    | Noticed a deep elf master archer
 26543 | Elf:3    | Identified the +7 hand axe of the Chain {heavy, rCorr
                  | Int+2}
 26543 | Elf:3    | Identified the ring of Giritwahick {rF+ SInv}
 26545 | Elf:3    | Noticed a deep elf blademaster
 26560 | Elf:3    | Killed a deep elf blademaster
 26581 | Elf:3    | Killed a deep elf master archer
 26635 | Elf:3    | Identified the +7 great sword "Gorodyt" {heavy, rF+ Int+2
                  | Stlth+}
 26635 | Elf:3    | Identified the +0 robe "Pizounih" {rF++ rN+}
 26652 | Elf:3    | Noticed a deep elf master archer
 26659 | Elf:3    | Killed a deep elf master archer
 26901 | Elf:3    | Identified the +0 crystal plate armour of Absence {rElec
                  | Dex+4 Stlth-}
 26901 | Elf:3    | Identified the amulet "Vunusety" {Harm rN+ Regen+}
 26901 | Elf:3    | Noticed a deep elf blademaster
 26906 | Elf:3    | Killed a deep elf blademaster
 27051 | Elf:3    | Found the +1 cloak of Starlight {*Dazzle EV+4 Stlth--}
 27215 | Elf:3    | Identified the staff of the Vaults {Str+3 Conj}
 27240 | Elf:3    | Identified the +10 sling "Leviticus" {speed, Int+5}
 27766 | Spider:1 | Entered Level 1 of the Spider Nest
 27790 | Spider:1 | Received a gift from Trog
 28254 | Spider:1 | Reached XP level 18. HP: 172/185 MP: 0/17
 28761 | Spider:1 | Identified the ring "Pugures" {Drain +Blink rF+ rCorr MP-9}
 29038 | Spider:2 | Received a gift from Trog
 29475 | Spider:2 | Reached skill level 22 in Axes
 29754 | Spider:3 | Reached ****** piety under Trog
 29870 | Spider:3 | Received a gift from Trog
 30056 | Spider:3 | Reached skill level 23 in Axes
 30241 | Spider:4 | Entered Level 4 of the Spider Nest
 30350 | Spider:4 | Noticed Nikola
 30357 | Spider:4 | Killed Nikola
 30368 | Spider:4 | Reached skill level 24 in Axes
 30377 | Spider:4 | Reached XP level 19. HP: 195/195 MP: 0/18
 30381 | Spider:4 | Received a gift from Trog
 30387 | Spider:4 | HP: 9/195 [demonic crawler (16)]
 30387 | Spider:4 | Mangled by a radroach

Illustrated notes

Levels and vault maps discovered:
D:1:      ncdulo_wetmaze, layout_basic,
          shapermc_ecumenical_altar_mp_urbaneastern
D:2:      layout_loops_ring, grunt_ministairs_3
D:3:      layout_rooms
D:4:      layout_loops_ring, kennysheep_vampire_church,
          minmay_temple_entry_gardened_gates, serial_demonic, serial_demonic_b,
          serial_demonic_e, serial_demonic_c, serial_demonic_c, serial_shops,
          nicolae_shop_bloodbath_and_beyond
D:5:      layout_cave_pools, nicolae_tso_carved_into_rock, serial_gnoll_camp,
          grums_kennel, gnoll_camp_mini_shop, gnoll_camp_mini_hut,
          gnoll_camp_mini_house, chequers_garden
D:6:      layout_basic, serial_shops, shop, uniq_sigmund
D:7:      layout_basic, overflow_temple_1_default, enter_bailey_2, uniq_joseph,
          uniq_maggie, uniq_pikel
D:8:      layout_loops_ring, gammafunk_temple_overflow_forgotten
D:9:      layout_loops_ring, lemuel_coloured_pillars_altar, serial_shops,
          nicolae_stop_n_shop_2, shop, grunt_ministairs_11, uniq_erica,
          uniq_harold, uniq_gastronok
D:10:     layout_basic, nicolae_elyvilon_temple_path, orc_0_dummy, serial_shops,
          shop
D:11:     layout_layer_cave, grunt_lair_entry_orc_guard_hut
D:12:     layout_grid_maze, nicolae_concentric_dashed_squares_mild, uniq_kirke,
          uniq_snorg
D:13:     layout_basic, minmay_starry_boxes
D:14:     layout_irregular_city, david_vaults_3, minmay_misc_feat_diagonals,
          serial_shops, shop, minmay_misc_feat_alley, grunt_ogre_cave
D:15:     hangedman_depths_entry_try_elsewhere_first, layout_basic,
          serial_park_square2, gauntlet_entry_generic
Lair:1:   layout_chaotic_city, chequers_serial_rivers_small_3,
          infiniplex_staircase_pool
Lair:2:   layout_chaotic_city, spider_nest_entry_funnel_web
Lair:3:   layout_regular_city, swamp_mist, lemuel_fruit_fields, uniq_nessos,
          uniq_sonja
Lair:4:   layout_loops_ring, grunt_forest_large_clearing_hut
Lair:5:   hangedman_lair_caniforms_friends, layout_loops_ring, wormcave,
          minmay_slime_entry_oklob_enclosed, grunt_megastairs_3
Spider:1: spider_temple_joshua, hangedman_spider_trapstep
Spider:2: layout_spider_delve, nicolae_spider_cling_halls
Spider:3: layout_spider_delve, hellmonk_deceptive_appearances
Spider:4: hellmonk_spider_rune_bug_friends, uniq_nikola
Orc:1:    layout_caves, serial_shops, nicolae_shop_stone,
          nicolae_shop_tiny_real_fake_doors, nicolae_shop_crystal,
          nicolae_shop_crystal, shop, uniq_josephine
Orc:2:    st_orc_mages, layout_caves, bloody_makhleb
Elf:1:    layout_geoelf_octagon, serial_shops, nicolae_shop_crystal,
          nicolae_lakefront_shop, nicolae_shop_tiny_glass,
          nicolae_shop_window_shopping, shop, evilmike_minifort,
          minmay_shop_star, uniq_aizul
Elf:2:    nicolae_elf_blades_crystal_corner, layout_geoelf_grid,
          minmay_shop_grove
Elf:3:    minmay_elf_hall_x, layout_geoelf_octagon,
          serial_sigils_hangedman_clutch

Skill      XL: |  1  2  3  4  5  6  7  8  9 10 11 12 13 14 15 16 17 18 |
---------------+-------------------------------------------------------+-----
Fighting       | 4 5 6 7 8 13 18 22 23 | 23.0
Axes           | 5 7 10 11 15 18 21 24 | 24.3
Armour         | 7 11 12 14 18 19 | 19.0
Throwing       | 3 5 |  5.0
Shields        | 3 14 15 | 15.3
Dodging        | |  2.1

Action                     |  1- 3 |  4- 6 |  7- 9 | 10-12 | 13-15 | 16-18 | 19-21 || total
---------------------------+-------+-------+-------+-------+-------+-------+-------++-------
  Melee: Hand axe          |   108 |    15 |       |       |       |       |       ||   123
         Headbutt          |    14 |    15 |    36 |    23 |    78 |    96 |     1 ||   263
         War axe           |       |    86 |   231 |       |       |       |       ||   317
         Punch             |       |       |     3 |       |       |       |       ||     3
         Broad axe         |       |       |    19 |   201 |   480 |   555 |     6 ||  1261
  Throw: Stone             |       |       |       |       |     1 |       |       ||     1
 Invoke: Berserk           |     2 |     1 |     5 |     3 |     6 |    10 |       ||    27
         Trog's Hand       |       |     2 |     2 |     5 |     3 |    11 |     2 ||    25
         Brothers in Arms  |       |       |       |     3 |     9 |     9 |       ||    21
Ability: Evoke Invisibilit |       |       |       |       |       |     1 |       ||     1
    Use: Scroll            |       |       |       |     8 |    13 |    11 |     3 ||    35
         Potion            |       |       |       |     1 |     5 |     7 |       ||    13
   Stab: Distracted        |       |       |       |     1 |     4 |     7 |       ||    12
         Invisible         |       |       |       |       |       |     4 |     2 ||     6
 Armour: Animal skin       |     6 |       |       |       |       |       |       ||     6
         Ring mail         |    34 |    20 |       |       |       |       |       ||    54
         Scale mail        |       |    83 |   119 |   129 |   218 |    17 |       ||   566
         Plate armour      |       |       |       |       |       |   303 |    26 ||   329
  Dodge: Dodged            |    69 |    56 |    97 |    96 |   182 |   268 |    27 ||   795
  Block: Buckler           |       |       |    17 |    40 |    77 |   223 |    13 ||   370

Table legend: (Time is in decaauts)
 A = Elapsed time spent in this place.
 B = Non-inter-level travel time spent in this place.
 C = Inter-level travel time spent in this place.
 D = Time resting spent in this place.
 E = Time spent auto-exploring this place.
 F = Levels seen in this place.
 G = Mean time per level.
                   A        B        C        D        E       F      G
               +--------+--------+--------+--------+--------+-----+--------+
         Total |  32047 |  28162 |   3885 |   3254 |  17668 |  29 | 1105.1 |
       Dungeon |  15851 |  13257 |   2594 |    997 |   8987 |  15 | 1056.7 |
          Lair |   5643 |   5213 |    430 |    193 |   3836 |   5 | 1128.6 |
   Spider Nest |   2733 |   2563 |    170 |    213 |   1454 |   4 |  683.2 |
  Orcish Mines |   2360 |   1884 |    476 |    509 |    960 |   2 | 1180.0 |
   Elven Halls |   5457 |   5243 |    214 |   1340 |   2429 |   3 | 1819.0 |
               +--------+--------+--------+--------+--------+-----+--------+

Top non-repeatable levels by time:
   Elf:1: 2189 daAuts
  Lair:5: 1961 daAuts
   Elf:3: 1841 daAuts
    D:15: 1571 daAuts
   Orc:2: 1545 daAuts
   Elf:2: 1426 daAuts
    D:12: 1349 daAuts
     D:9: 1319 daAuts
    D:11: 1276 daAuts
Spider:1: 1273 daAuts
    D:10: 1271 daAuts
     D:7: 1227 daAuts
    D:13: 1205 daAuts
     D:5: 1019 daAuts
  Lair:1: 1007 daAuts
